 Dungeon Crawl Stone Soup version 0.28-a0-556-gab23d0e057 (webtiles) character file.

Game seed: 10365350193846521348

241 lunkers the Magician (level 6, -5/48 HPs)
             Began as a Djinni Cinder Acolyte on Sept 28, 2021.
             Was a High Priest of Ignis.
             Slain by Blork the orc (12 damage)
             ... on level 4 of the Dungeon.
             The game lasted 00:05:35 (4583 turns).

lunkers the Magician (Djinni Cinder Acolyte)        Turns: 4583, Time: 00:05:35

Health: -5/48      AC:  2    Str: 13    XL:     6   Next: 30%
Gold:   168        EV: 11    Int: 17    God:    Ignis [*****.] SH:  0 Dex:  9

rFire   + + +      SeeInvis .   n - +1 dagger (venom)
rCold   x . .      Faith    .   (no shield)
rNeg    . . .      Spirit   .   b - +0 robe
rPois   ∞          Reflect  .   (no helmet)
rElec   .          Harm     .   (no cloak)
rCorr   .          Rampage  .   (no gloves)
Will    .....                   (boots unavailable)
Stlth   +.........              (no amulet)
HPRegen 0.16/turn               (no ring)
MPRegen 0.00/turn               (no ring)

@: flying
A: sickness immunity, fire resistance 2, cold vulnerability 1, float, innate
caster, hp casting, extra vitality 1
a: Renounce Religion, Sea of Fire, Foxfire Swarm, Rising Flame


You were on level 4 of the Dungeon.
You worshipped Ignis.
Ignis was extremely pleased with you.
You visited 1 branch of the dungeon, and saw 4 of its levels.

You collected 168 gold pieces.

Inventory:

Hand Weapons
 a - a -1 falchion of flaming
 n - a +1 dagger of venom (weapon)
Armour
 b - a +0 robe (worn)
Scrolls
 e - a scroll of enchant armour {unknown}
 f - a scroll of silence {unknown}
 g - 5 scrolls of teleportation {unknown}
 i - a scroll of acquirement {unknown}
 j - a scroll of immolation {unknown}
 l - a scroll of blinking {unknown}
 m - a scroll of noise {unknown}
 p - a scroll of identify {unknown}
 r - 2 scrolls of fear {unknown}
 s - a scroll of amnesia {unknown}
Potions
 c - a potion of curing {unknown}
 d - a potion of magic {unknown}
 h - a potion of mutation {unknown}
 k - a potion of degeneration {unknown}
 o - a potion of flight {unknown}
 q - a potion of resistance {unknown}


   Skills:
 + Level 4.4 Fighting
 - Level 2.6 Long Blades
 * Level 4.4 Spellcasting


You had 8 spell levels left.
You knew the following spells:

 Your Spells              Type           Power      Damage    Failure   Level
a - Animate Skeleton      Necr           36%        N/A       2%          1
b - Blink                 Tloc           N/A        N/A       3%          2
p - Scorch                Fire           36%        2d7       3%          2
Your spell library was empty.

Dungeon Overview and Level Annotations

Branches:
Dungeon (4/15)
 Temple: D:4-7

Altars:

Annotations:
D:4 Blork the orc


Innate Abilities, Weirdness & Mutations

You are immune to sickness and miasma.
You are immune to poison.
Your flesh is very heat resistant. (rF++)
You are vulnerable to cold. (rC-)
You float through the air rather than walking.
You learn spells naturally, not from books.
Your magical power is your life essence.
You have superior vitality. (+4 HP)


Message History

The orc's fire resistance burns away.
Unknown command.
Unknown command.
Casting: Scorch (safe; 3% risk of failure)
Press: ? - help, Q - select action, (/) - cycle Dir - look around, f - activate
Okay, then.
You start resting.
Blork the orc is nearby!
Casting: Scorch (safe; 3% risk of failure)
Press: ? - help, Q - select action, (/) - cycle Dir - look around, f - activate Flames lash Blork the orc.
Blork the orc is moderately wounded.
Blork the orc's fire resistance burns away.
Blork the orc closely misses you.
Your magical contamination has completely faded away.
Unknown command.
Casting: Scorch (safe; 3% risk of failure)
Press: ? - help, Q - select action, (/) - cycle Dir - look around, f - activate Flames lash Blork the orc.
Blork the orc is burned terribly!
Blork the orc is severely wounded.
* * * LOW HITPOINT WARNING * * *
Blork the orc closely misses you.
Unknown command.
Casting: Scorch (safe; 3% risk of failure)
Press: ? - help, Q - select action, (/) - cycle Dir - look around, f - activate Flames lash Blork the orc.
Blork the orc is burned terribly!
Blork the orc is almost dead.
* * * LOW HITPOINT WARNING * * *
Blork the orc hits you with a +4 mace!
* * * LOW HITPOINT WARNING * * *
Blork the orc hits you with a +4 mace!
* * * LOW HITPOINT WARNING * * *
Unknown command.
Casting: Scorch (safe; 3% risk of failure)
Press: ? - help, Q - select action, (/) - cycle Dir - look around, f - activate Flames lash the orc.
You kill the orc!
* * * LOW HITPOINT WARNING * * *
Blork the orc hits you with a +4 mace!
You die...

#.. #..#.....[....#
#.###.##..........# #....
#...........#
#..####...........#
######.................#
.o......>..............#
...##)..................#
....).....o...#+#.....###
......#.#..o..#@#####.#
..... #...##o##o#####.#
.... #...##.........†##
... #...##..).)...)..# ..
#...###..........# .
#...# #..........# #...#
#..........# #.###
############


You could see Blork the orc (fast, combustible).

Vanquished Creatures
  A jelly (D:3)
  An iguana (D:4)
  An orc wizard (D:4)
  3 adders
  3 gnolls (D:3)
  2 dart slugs
  7 orcs
  7 ball pythons
  7 endoplasms
  13 giant cockroaches
  8 goblins
  6 hobgoblins
  8 jackals
  4 quokkas
  6 bats
  4 frilled lizards (D:3)
  5 kobolds
  6 rats
92 creatures vanquished.

Notes
Turn   | Place    | Note
-------+----------+-------------------------------------------
     0 | D:1      | lunkers the Djinni Cinder Acolyte began the quest for the
                  | Orb.
     0 | D:1      | Reached XP level 1. HP: 20/20 MP: 0/0
    53 | D:1      | Reached XP level 2. HP: 25/25 MP: 0/0
   708 | D:1      | Reached XP level 3. HP: 26/30 MP: 0/0
   708 | D:1      | Learned a level 1 spell: Animate Skeleton
  1010 | D:1      | Found a faded altar of an unknown god.
  1752 | D:2      | Reached XP level 4. HP: 24/35 MP: 0/0
  2794 | D:3      | Reached XP level 5. HP: 37/41 MP: 0/0
  2794 | D:3      | Learned a level 2 spell: Blink
  4284 | D:4      | Reached XP level 6. HP: 23/47 MP: 0/0
  4566 | D:4      | Noticed Blork the orc
  4583 | D:4      | Slain by Blork the orc

Illustrated notes

Levels and vault maps discovered:
D:1:      lightli_arrival_lavapool, layout_basic, ebering_ecumenical_altar_box,
          minmay_strange_pillars, grunt_decor_cap
D:2:      minmay_roachtagon, layout_loops_ring, minmay_indecisive_spiral
D:3:      layout_basic, small_statue_alley_b
D:4:      layout_basic, uniq_blork_the_orc

Skill      XL: |  1  2  3  4  5 |
---------------+----------------+-----
Spellcasting   | 3 4 |  4.4
Fighting       | 4 |  4.4
Long Blades    | |  2.6

Action                   |  1- 3 |  4- 6 || total
-------------------------+-------+-------++-------
Melee: Falchion          |    41 |       ||    41
       Dagger            |       |     2 ||     2
 Cast: Scorch            |    32 |    88 ||   120
Armor: Robe              |     9 |    11 ||    20
Dodge: Dodged            |    39 |    13 ||    52

Table legend: (Time is in decaauts)
 A = Elapsed time spent in this place.
 B = Non-inter-level travel time spent in this place.
 C = Inter-level travel time spent in this place.
 D = Time resting spent in this place.
 E = Time spent auto-exploring this place.
 F = Levels seen in this place.
 G = Mean time per level.
                   A        B        C        D        E       F      G
               +--------+--------+--------+--------+--------+-----+--------+
         Total |   4590 |   4560 |     30 |    572 |   3451 |   4 | 1147.5 |
       Dungeon |   4590 |   4560 |     30 |    572 |   3451 |   4 | 1147.5 |
               +--------+--------+--------+--------+--------+-----+--------+

Top non-repeatable levels by time:
     D:3: 1468 daAuts
     D:2: 1455 daAuts
     D:1: 1250 daAuts
     D:4: 415 daAuts
